 Dungeon Sprint DCSS version 0.16.1-28-gcc2312f (webtiles) character file.

1 Kidiri the Firebug (level 1, 0/11 HPs)
             Began as a High Elf Fire Elementalist on May 28, 2015.
             Was an Initiate of Vehumet.
             Slain by a brain worm (4 damage)
             ... in the Dungeon (Sprint VII: "The Pits").
             The game lasted 00:01:06 (95 turns).

Kidiri the Firebug (High Elf Fire Elementalist)       Turns: 95, Time: 00:01:06

Health: 0/11       AC:  2    Str:  7    XL:     1   Next: 16%
Magic:  1/4        EV: 12    Int: 18    God:    Vehumet [......]
Gold:   0          SH:  0    Dex: 15    Spells: 1 memorised, 4 levels left

rFire  . . .     SeeInvis .     j - +2 falchion
rCold  . . .     Clarity  .     a - +0 robe
rNeg   . . .     SustAb   .     (no shield)
rPois  .         Gourm    .     (no helmet)
rElec  .         Spirit   .     (no cloak)
rCorr  .         Warding  .     (no gloves)
rMut   .         NoTele   +     (no boots)
MR     .....                    (no amulet)
Stlth  ++........               (no ring)
                                (no ring)

@: very slightly contaminated, not resistant to hostile enchantments, unstealthy
A: no striking features
a: Renounce Religion


You were in the Dungeon.
You worshipped Vehumet.
Vehumet was noncommittal.
You were not hungry.

You visited 1 branch

Inventory:

Hand weapons
 j - a +2 falchion (weapon)
Armour
 a - a +0 robe (worn)
Scrolls
 i - a scroll of blinking
 n - 3 scrolls of remove curse
 o - 5 scrolls of amnesia
 p - a scroll of summoning
Potions
 d - a potion of curing
 e - a potion of heal wounds
 f - a potion of haste
 g - 4 potions of magic
 h - 3 potions of berserk rage
 m - 2 potions of invisibility
Books
 b - a book of Flames

   Spells                             Type                      Level
   a - Flame Tongue                   Conjuration/Fire             1
   b - Throw Flame                    Conjuration/Fire             2
   c - Conjure Flame                  Conjuration/Fire             3
   d - Inner Flame                    Hexes/Fire                   3
   e - Sticky Flame                   Conjuration/Fire             4
   f - Fireball                       Conjuration/Fire             5
Comestibles
 c - 8 bread rations
 k - 40 fruits
 l - 7 meat rations


   Skills:
 + Level 0.0 Fighting
 + Level 2.2 Dodging
 + Level 2.4 Stealth
 * Level 2.7 Spellcasting
 * Level 1.4 Conjurations
 * Level 3.1 Fire Magic


You had 4 spell levels left.
You knew the following spells:

 Your Spells              Type           Power        Failure   Level  Hunger
a - Flame Tongue          Conj/Fire      ##...        10%         1    #......


Dungeon Overview and Level Annotations

Branches:
Dungeon (1/1)

Altars:
Ashenzari
Cheibriados
Dithmenos
Elyvilon
Fedhas
Gozag
Kikubaaqudgha
Makhleb
Nemelex Xobeh
Okawaru
Qazlal
Ru
Sif Muna
Trog
Vehumet
Xom
Yredelemnul
Zin
The Shining One
Beogh
Jiyva
Lugonu


Message History

You slash the brain worm!
The brain worm is heavily wounded.
The brain worm's bulging head throbs.
Something tries to feed on your intellect!
You barely miss the brain worm.
The brain worm is heavily wounded.
The brain worm bites you but does no damage.
You barely miss the brain worm.
The brain worm is heavily wounded.
The brain worm closely misses you. The brain worm bites you.
You completely miss the brain worm.
The brain worm is heavily wounded.
The brain worm bites you.
You barely miss the brain worm.
The brain worm is heavily wounded.
The brain worm bites you.
You hit the brain worm.
The brain worm is heavily wounded.
The brain worm bites you.
You die...

#__________#
#.#####'##############++
#_#)))'.'..##...........
#_#.))#.#?(##......#..#.
#######'#####...........
#...........'...........
#+#####'#####......#..#.
#..#..##...........
+.@wr.#####'#####++
####+###.......#
#.......# #.......#
#...<...# #.......#
#.......# #.......#
#########


You could see a brain worm and a river rat.

Vanquished Creatures
  A bat (D)
  A giant gecko skeleton (D)
2 creatures vanquished.

Notes
Turn   | Place    | Note
--------------------------------------------------------------
     0 | D        | Kidiri, the High Elf Fire Elementalist, began the quest for the Orb.
     0 | D        | Reached XP level 1. HP: 11/11 MP: 4/4
    26 | D        | Found a sacrificial altar of Ru.
    26 | D        | Found a basalt altar of Yredelemnul.
    26 | D        | Found a shadowy altar of Dithmenos.
    26 | D        | Found a deep blue altar of Sif Muna.
    26 | D        | Found a burning altar of Makhleb.
    26 | D        | Found a shimmering altar of Xom.
    26 | D        | Found an ancient bone altar of Kikubaaqudgha.
    26 | D        | Found a sparkling altar of Nemelex Xobeh.
    27 | D        | Found a glowing golden altar of the Shining One.
    27 | D        | Found a bloodstained altar of Trog.
    27 | D        | Found a shattered altar of Ashenzari.
    27 | D        | Found a white marble altar of Elyvilon.
    27 | D        | Found a snail-covered altar of Cheibriados.
    27 | D        | Found a blossoming altar of Fedhas.
    27 | D        | Found a radiant altar of Vehumet.
    27 | D        | Found a glowing silver altar of Zin.
    27 | D        | Found a corrupted altar of Lugonu.
    27 | D        | Found a viscous altar of Jiyva.
    27 | D        | Found a roughly hewn altar of Beogh.
    27 | D        | Found an iron altar of Okawaru.
    33 | D        | Found a stormy altar of Qazlal.
    34 | D        | Found an opulent altar of Gozag.
    37 | D        | Became a worshipper of Vehumet
    85 | D        | Noticed a brain worm
    95 | D        | Slain by a brain worm

Action                   || total
-------------------------++-------
Melee: Falchion          ||     8
 Cast: Flame Tongue      ||     5
